 Dungeon Crawl Stone Soup version 0.27-a0-1119-gbf574a6 (webtiles) character file.

Game seed: 15883682552655595251

79 Meow the Stinger (level 4, 36/36 HPs)
             Began as a Naga Venom Mage on May 2, 2021.
             Quit the game on level 2 of the Dungeon.
             The game lasted 00:06:05 (1810 turns).

Meow the Stinger (Naga Venom Mage)                  Turns: 1810, Time: 00:06:06

Health: 36/36      AC:  4    Str: 10    XL:     4   Next: 37%
Magic:  5/8        EV: 10    Int: 16    God:
Gold:   79         SH:  0    Dex: 12    Spells: 4/8 levels left

rFire    . . .     SeeInvis +   a - +0 mace
rCold    . . .     Faith    .   (no shield)
rNeg     . . .     Spirit   .   d - +0 robe
rPois    +         Reflect  .   o - +2 hat
rElec    .         Harm     .   (no cloak)
rCorr    .         Rampage  .   (no gloves)
Will     .....                  (no barding)
Stlth    +++.......             (no amulet)
HPRegen  0.12/turn              (no ring)
MPRegen  0.11/turn              (no ring)

@: short of breath, very slow
A: AC +1, large, see invisible, deformed body, poison resistance, slowness 2,
spit poison 1, naga tail 1
a: Spit Poison


You were on level 2 of the Dungeon.
You visited 1 branch of the dungeon, and saw 2 of its levels.

You collected 79 gold pieces.

Inventory:

Hand Weapons
 a - a +0 mace (weapon)
 l - a +0 short sword
Missiles
 c - 8 poisoned darts (quivered)
 e - 62 stones
 g - 100 arrows
Armour
 d - a +0 robe (worn)
 o - a +2 hat (worn)
Scrolls
 f - a scroll of immolation {unknown}
 h - a scroll of noise {unknown}
 m - a scroll of holy word {unknown}
Potions
 b - a potion of flight {unknown}
 i - a potion of resistance {unknown}
 j - a potion of degeneration {unknown}
 k - 3 potions of curing
 n - a potion of heal wounds {unknown}


   Skills:
 - Level 1.5 Dodging
 + Level 4.7 Stealth
 + Level 2.9 Spellcasting
 * Level 0.0 Conjurations
 - Level 1.0 Transmutations
 + Level 5.0 Poison Magic


You had 4 spell levels left.
You knew the following spells:

 Your Spells              Type           Power      Damage    Failure   Level
a - Sting                 Tmut/Pois      48%        1d5       5%          1
c - Mephitic Cloud        Conj/Pois/Air  7%         N/A       28%         3

Your spell library contained the following spells:

 Spells                   Type           Power      Damage    Failure   Level
 Poisonous Vapours        Pois/Air       20%        N/A       10%         2
 Sandblast                Erth           4%         2d4       19%         1
 Passwall                 Tmut/Erth      2%         N/A       24%         2
 Ignite Poison            Fire/Tmut/Pois 8%         N/A       24%         3
 Olgreb's Toxic Radiance  Pois           18%        N/A       24%         4
 Stone Arrow              Conj/Erth      4%         3d7       50%         3
 Petrify                  Tmut/Erth      3%         N/A       83%         4
 Lee's Rapid Deconstruct  Erth           1%         3d5*      99%         5


Dungeon Overview and Level Annotations

Branches:
Dungeon (2/15)

Altars:
Vehumet


Innate Abilities, Weirdness & Mutations

Your serpentine skin is tough. (AC +1)
You have supernaturally acute eyesight. (SInv)
Armour fits poorly on your strangely shaped body.
Your system is resistant to poisons. (rPois)
You cover ground very slowly.
You can spit poison.
You have a snake-like lower body.


Message History

The goblin is heavily wounded.
The goblin barely misses you.
Casting: Sting (safe; 5% risk of failure)
Confirm with . or Enter, or press ? or * to list all spells.
Aiming: Sting (safe; 5% risk of failure)
Press: ? - help, Shift-Dir - straight line, f/p - goblin
Aim: a goblin, wielding a +0 club (heavily wounded, poisoned, 64% to hit)
The sting hits the goblin.
The goblin looks even sicker.
You kill the goblin!
You have got your breath back.
You see here a +0 club.
You see here a +0 club.
You see here a +0 club.
Found a stone staircase leading down.
A goblin comes into view. It is wielding a +0 club.
The goblin shouts!
Press: ? - help, Shift-Dir - straight line, f - goblin
Aim: a goblin, wielding a +0 club The splash of poison misses the goblin.
Casting: Sting (safe; 5% risk of failure)
Confirm with . or Enter, or press ? or * to list all spells.
Aiming: Sting (safe; 5% risk of failure)
Press: ? - help, Shift-Dir - straight line, f/p - goblin
Aim: a goblin, wielding a +0 club (64% to hit)
The sting misses the goblin.
Casting: Sting (safe; 5% risk of failure)
Confirm with . or Enter, or press ? or * to list all spells.
Aiming: Sting (safe; 5% risk of failure)
Press: ? - help, Shift-Dir - straight line, f/p - goblin
Aim: a goblin, wielding a +0 club (64% to hit)
The sting hits the goblin.
The goblin is poisoned.
The goblin is heavily wounded.
Casting: Sting (safe; 5% risk of failure)
Confirm with . or Enter, or press ? or * to list all spells.
Aiming: Sting (safe; 5% risk of failure)
Press: ? - help, Shift-Dir - straight line, f/p - goblin
Aim: a goblin, wielding a +0 club (severely wounded, poisoned, 64% to hit)
The sting hits the goblin.
The goblin looks even sicker.
You kill the goblin!
Are you sure you want to abandon this character and quit the game? (Confirm with "yes".)

..# #.# ..#
#.# ..# #.#
..# #.# ..#
#.# ..# #.#
>.# #.### ..#
#...# ..# #.#
###@# #.# #.#
#)# #.# #.#
#.# #.# #.#
#.# #.# #.#
#.# #.####.#
#.#
....##.#######
#.#
.............#
#.#
.....#.#####.#


There were no monsters in sight!

Vanquished Creatures
  An adder (D:2)
  A worm (D:2)
  A dart slug (D:2)
  2 ball pythons
  4 endoplasms (D:1)
  2 giant cockroaches (D:1)
  5 goblins
  7 hobgoblins
  12 jackals (D:1)
  4 kobolds
  6 bats
  9 frilled lizards
  6 rats
60 creatures vanquished.

Vanquished Creatures (others)
  7 plants (D:2)
7 creatures vanquished.

Grand Total: 67 creatures vanquished

Notes
Turn   | Place    | Note
-------+----------+-------------------------------------------
     0 | D:1      | Meow the Naga Venom Mage began the quest for the Orb.
     0 | D:1      | Reached XP level 1. HP: 15/15 MP: 3/3
   190 | D:1      | Reached XP level 2. HP: 17/22 MP: 0/5
   550 | D:1      | Reached XP level 3. HP: 28/28 MP: 6/6
   565 | D:1      | Learned a level 3 spell: Mephitic Cloud
  1272 | D:2      | Reached XP level 4. HP: 36/36 MP: 8/8
  1375 | D:2      | Found a radiant altar of Vehumet.
  1467 | D:2      | Reached skill level 5 in Poison Magic
  1810 | D:2      | Quit the game

Illustrated notes

Levels and vault maps discovered:
D:1:      dpeg_arrival_renting, layout_loops_corners,
          kennysheep_decorative_pillar
D:2:      layout_loops_ring, basic_altar, serial_rivers,
          chequers_serial_rivers_large_b, chequers_serial_rivers_micro_e,
          chequers_serial_rivers_small_a, chequers_serial_rivers_micro_b,
          chequers_serial_rivers_room_b, chequers_serial_rivers_small_b,
          minmay_lizard_king

Skill      XL: |  1  2  3  4 |
---------------+-------------+-----
Stealth        | 4 |  4.7
Poison Magic   | 5 |  5.0
Dodging        | |  1.5
Spellcasting   | |  2.9
Transmutations | |  1.0

Action                   |  1- 3 |  4- 6 || total
-------------------------+-------+-------++-------
Melee: Short sword       |     3 |       ||     3
       Mace              |       |     5 ||     5
Throw: Dart              |     9 |       ||     9
 Cast: Sting             |    35 |    17 ||    52
 Abil: Spit Poison       |    48 |    18 ||    66
Armor: Robe              |    12 |     2 ||    14
Dodge: Dodged            |    22 |     4 ||    26

Table legend: (Time is in decaauts)
 A = Elapsed time spent in this place.
 B = Non-inter-level travel time spent in this place.
 C = Inter-level travel time spent in this place.
 D = Time resting spent in this place.
 E = Time spent auto-exploring this place.
 F = Levels seen in this place.
 G = Mean time per level.
                   A        B        C        D        E       F      G
               +--------+--------+--------+--------+--------+-----+--------+
         Total |   2449 |   2320 |    129 |     39 |   1801 |   2 | 1224.5 |
       Dungeon |   2449 |   2320 |    129 |     39 |   1801 |   2 | 1224.5 |
               +--------+--------+--------+--------+--------+-----+--------+

Top non-repeatable levels by time:
     D:1: 1436 daAuts
     D:2: 1012 daAuts
